PA
HAMMOND HERONS @ YELLOWKNIFE DRAGONBLOOD
08/08/2021
 
TOP OF THE 1ST
Hammond Herons batting - Pitching for Yellowknife Dragonblood : RHP Esteban Ruíz
Pitching: RHP Esteban Ruíz
Batting: RHB Miguel Rodríguez 0-0: SINGLE (Line Drive, 8LS)
Batting: RHB Jorge Reyes 0-0: Ball
1-0: Foul Ball, location: 2F
1-1: Ball
2-1: Foul Ball, location: 2F
2-2: Reached on Error, E9 (Flyball, 9LM)
Miguel Rodríguez to second
Batting: RHB António Guzmán 0-0: Swinging Strike
0-1: Called Strike
0-2: SINGLE (Line Drive, 89S)
Miguel Rodríguez to third
Jorge Reyes to second
Batting: LHB Joe Cashmore 0-0: Ball
1-0: Ball
2-0: Called Strike
2-1: Called Strike
2-2: Foul Ball, location: 2F
2-2: Foul Ball, location: 2F
2-2: Ball
3-2: Base on Balls
Miguel Rodríguez scores
Jorge Reyes to third
António Guzmán to second
Batting: RHB Matt Love 0-0: Ball
1-0: Called Strike
1-1: Ball
2-1: Swinging Strike
2-2: Ball
3-2: Strikes out looking
Batting: RHB Brian Soto 0-0: SINGLE (Groundball, 56)
Jorge Reyes scores
António Guzmán to third
Joe Cashmore to second
Batting: LHB Arturo Acevedo 0-0: Ball
1-0: Ball
2-0: Foul Ball, location: 2F
2-1: Foul Ball, location: 2F
2-2: Ball
3-2: Strikes out swinging
Batting: RHB Jimmy Dawson 0-0: Ball
1-0: Foul Ball, location: 2F
1-1: Ball
Wild Pitch!
António Guzmán scores
Joe Cashmore to third
Brian Soto to second
2-1: Called Strike
2-2: Foul Ball, location: 2F
2-2: Foul Ball, location: 2F
2-2: Ball
Wild Pitch!
Joe Cashmore scores
Brian Soto to third
3-2: Foul Ball, location: 2F
3-2: Base on Balls
Batting: RHB Scott Zijm 0-0: Called Strike
Throwing error on steal attempt, E2
Brian Soto scores
Jimmy Dawson to third
0-1: Foul Ball, location: 2F
0-2: Ball
1-2: Ball
2-2: Strikes out swinging
Top of the 1st over - 5 run(s), 3 hit(s), 2 error(s), 1 left on base; Hammond 5 - Yellowknife 0
BOTTOM OF THE 1ST
Yellowknife Dragonblood batting - Pitching for Hammond Herons : RHP Bill Beauregard
Pitching: RHP Bill Beauregard
Batting: RHB Javier Chávez 0-0: Called Strike
0-1: SINGLE (Line Drive, 8LS)
Batting: LHB Gabriel Córdova 0-0: Swinging Strike
0-1: Foul Ball, location: 2F
0-2: SINGLE (Flyball, 8LS)
Javier Chávez to second
Runner from 2nd tries for 3rd, SAFE, throw made to third
Batting: LHB Carl Duncan 0-0: Swinging Strike
0-1: Ball
1-1: SINGLE (Line Drive, 9S)
Javier Chávez scores
Gabriel Córdova to second
Batting: LHB Jorge Garza 0-0: Ball
1-0: Ball
2-0: Called Strike
2-1: Ball
3-1: Base on Balls
Gabriel Córdova to third
Carl Duncan to second
Batting: LHB Ángel Aguilar 0-0: Ball
1-0: Ball
2-0: DOUBLE (Line Drive, 8LD)
Gabriel Córdova scores
Carl Duncan scores
Jorge Garza to third
Batting: RHB Sancho Balderas 0-0: Ball
1-0: Ball
2-0: Called Strike
2-1: Called Strike
2-2: Ball
3-2: Foul Ball, location: 2F
3-2: Base on Balls
Batting: LHB Tae-sang Han 0-0: Called Strike
0-1: DOUBLE (Line Drive, 9LD)
Jorge Garza scores
Ángel Aguilar scores
Sancho Balderas to third
Batting: RHB Curt Johnston 0-0: Ball
1-0: DOUBLE (Line Drive, 78M)
Sancho Balderas scores
Tae-sang Han scores
Batting: RHB Lloyd Walsh 0-0: Ball
1-0: Swinging Strike
1-1: Fly out, F7 (Line Drive, 7LM)
Batting: RHB Javier Chávez 0-0: Ball
1-0: Called Strike
1-1: Ball
2-1: Ball
3-1: Base on Balls
Batting: LHB Gabriel Córdova 0-0: Called Strike
0-1: Fly out, F8 (Flyball, 8RM)
Batting: LHB Carl Duncan 0-0: Ball
1-0: Ball
2-0: Foul Ball, location: 2F
2-1: Fly out, F8 (Flyball, 8RXD)
Bottom of the 1st over - 7 run(s), 6 hit(s), 0 error(s), 2 left on base; Hammond 5 - Yellowknife 7
TOP OF THE 2ND
Hammond Herons batting - Pitching for Yellowknife Dragonblood : RHP Esteban Ruíz
Batting: RHB Miguel Rodríguez 0-0: Ball
1-0: Ball
2-0: Ball
3-0: Called Strike
3-1: Called Strike
3-2: Foul Ball, location: 2F
3-2: Foul Ball, location: 2F
3-2: Base on Balls
Batting: RHB Jorge Reyes 0-0: Ball
1-0: Foul Ball, location: 2F
1-1: Ball
2-1: Grounds into double play, 5-4-3 (Groundball, 56)
Batting: RHB António Guzmán 0-0: Ball
1-0: SINGLE (Groundball, 6D)
Batting: LHB Joe Cashmore 0-0: Foul Ball, location: 2F
0-1: Ball
1-1: Foul Ball, location: 2F
1-2: SINGLE (Groundball, 6M)
António Guzmán to second
Batting: RHB Matt Love 0-0: Called Strike
0-1: Foul Ball, location: 2F
0-2: Ball
1-2: Strikes out looking
Top of the 2nd over - 0 run(s), 2 hit(s), 0 error(s), 2 left on base; Hammond 5 - Yellowknife 7
BOTTOM OF THE 2ND
Yellowknife Dragonblood batting - Pitching for Hammond Herons : RHP Bill Beauregard
Batting: LHB Jorge Garza 0-0: Ball
1-0: Ball
2-0: Called Strike
2-1: Ball
3-1: Base on Balls
Batting: LHB Ángel Aguilar 0-0: Foul Ball, location: 2F
0-1: Ball
1-1: Ball
2-1: Called Strike
2-2: Ball
3-2: Fly out, F4 (Popup, 4D)
Batting: RHB Sancho Balderas 0-0: Ball
1-0: Ball
2-0: Called Strike
2-1: Fly out, F8 (Flyball, 78M)
Batting: LHB Tae-sang Han 0-0: Ground out 4-3 (Groundball, 34)
Bottom of the 2nd over - 0 run(s), 0 hit(s), 0 error(s), 1 left on base; Hammond 5 - Yellowknife 7
TOP OF THE 3RD
Hammond Herons batting - Pitching for Yellowknife Dragonblood : RHP Esteban Ruíz
Batting: RHB Brian Soto 0-0: Ball
1-0: Foul Ball, location: 2F
1-1: Fly out, F2 (Popup, 2RF)
Batting: LHB Arturo Acevedo 0-0: Ball
1-0: Foul Ball, location: 2F
1-1: Swinging Strike
1-2: Ball
2-2: Ball
3-2: Foul Ball, location: 2F
3-2: Strikes out swinging
Batting: RHB Jimmy Dawson 0-0: Called Strike
0-1: Foul Ball, location: 2F
0-2: Foul Ball, location: 2F
0-2: Foul Ball, location: 2F
0-2: Ball
1-2: Foul Ball, location: 2F
1-2: Strikes out swinging
Top of the 3rd over - 0 run(s), 0 hit(s), 0 error(s), 0 left on base; Hammond 5 - Yellowknife 7
BOTTOM OF THE 3RD
Yellowknife Dragonblood batting - Pitching for Hammond Herons : RHP Bill Beauregard
Batting: RHB Curt Johnston 0-0: Ball
1-0: Called Strike
1-1: Ball
2-1: Foul Ball, location: 2F
2-2: Foul Ball, location: 2F
2-2: Strikes out looking
Batting: RHB Lloyd Walsh 0-0: Reached on Error, E9 (Flyball, 89M)
Batting: RHB Javier Chávez 0-0: Ball
1-0: Ball
2-0: Called Strike
2-1: Reached on error, E1 (Groundball, 13)
Lloyd Walsh to second
Pitching: RHP Luis Miguel Martínez
Batting: LHB Gabriel Córdova 0-0: Called Strike
0-1: Ball
1-1: Called Strike
1-2: Ball
2-2: Fielders Choice at 2nd, 1-6 (Groundball, 15)
Lloyd Walsh to third
Batting: LHB Carl Duncan 0-0: Called Strike
0-1: Called Strike
0-2: Ground out 4-3 (Groundball, 4)
Bottom of the 3rd over - 0 run(s), 0 hit(s), 2 error(s), 2 left on base; Hammond 5 - Yellowknife 7
TOP OF THE 4TH
Hammond Herons batting - Pitching for Yellowknife Dragonblood : RHP Esteban Ruíz
Batting: RHB Scott Zijm 0-0: Ball
1-0: Ground out 1-3 (Groundball, 15)
Batting: RHB Miguel Rodríguez 0-0: Ball
1-0: Swinging Strike
1-1: Ball
2-1: Swinging Strike
2-2: Ball
3-2: Strikes out looking
Batting: RHB Jorge Reyes 0-0: Called Strike
0-1: Ground out 5-3 (Groundball, 56S)
Top of the 4th over - 0 run(s), 0 hit(s), 0 error(s), 0 left on base; Hammond 5 - Yellowknife 7
BOTTOM OF THE 4TH
Yellowknife Dragonblood batting - Pitching for Hammond Herons : RHP Luis Miguel Martínez
Batting: LHB Jorge Garza 0-0: Called Strike
0-1: Swinging Strike
0-2: Strikes out looking
Batting: LHB Ángel Aguilar 0-0: Called Strike
0-1: Ball
1-1: Called Strike
1-2: Ball
2-2: Ball
3-2: Base on Balls
Batting: RHB Sancho Balderas 0-0: Swinging Strike
0-1: Ball
1-1: Ball
2-1: Ball
Ángel Aguilar steals 2nd base
3-1: Called Strike
Throwing error on steal attempt, E2
Ángel Aguilar scores
3-2: DOUBLE (Groundball, 5L)
Batting: LHB Tae-sang Han 0-0: Ball
1-0: Called Strike
1-1: Foul Ball, location: 2F
1-2: Foul Ball, location: 2F
1-2: Strikes out swinging
Batting: RHB Curt Johnston 0-0: Fly out, F8 (Flyball, 8LM)
Bottom of the 4th over - 1 run(s), 1 hit(s), 1 error(s), 1 left on base; Hammond 5 - Yellowknife 8
TOP OF THE 5TH
Hammond Herons batting - Pitching for Yellowknife Dragonblood : RHP Esteban Ruíz
Batting: RHB António Guzmán 0-0: Foul Ball, location: 2F
0-1: Called Strike
0-2: Ball
1-2: Strikes out swinging
Batting: LHB Joe Cashmore 0-0: Ball
1-0: Called Strike
1-1: Ball
2-1: Called Strike
2-2: Strikes out swinging
Batting: RHB Matt Love 0-0: Ball
1-0: Ball
2-0: Foul Ball, location: 2F
2-1: Swinging Strike
2-2: Strikes out swinging
Top of the 5th over - 0 run(s), 0 hit(s), 0 error(s), 0 left on base; Hammond 5 - Yellowknife 8
BOTTOM OF THE 5TH
Yellowknife Dragonblood batting - Pitching for Hammond Herons : RHP Luis Miguel Martínez
Batting: RHB Lloyd Walsh 0-0: Foul Ball, location: 2F
0-1: Ball
1-1: Foul Ball, location: 2F
1-2: Foul Ball, location: 2F
1-2: Foul Ball, location: 2F
1-2: Strikes out swinging
Batting: RHB Javier Chávez 0-0: Called Strike
0-1: Swinging Strike
0-2: Ball
1-2: Strikes out looking
Batting: LHB Gabriel Córdova 0-0: Called Strike
0-1: Ball
1-1: Ball
2-1: Foul Ball, location: 2F
2-2: Fly out, F7 (Flyball, 7M)
Bottom of the 5th over - 0 run(s), 0 hit(s), 0 error(s), 0 left on base; Hammond 5 - Yellowknife 8
TOP OF THE 6TH
Hammond Herons batting - Pitching for Yellowknife Dragonblood : RHP Esteban Ruíz
Batting: RHB Brian Soto 0-0: Called Strike
0-1: Ball
1-1: Foul Ball, location: 2F
1-2: Strikes out swinging
Batting: LHB Arturo Acevedo 0-0: Swinging Strike
0-1: Ball
1-1: Ball
2-1: Fly out, F7 (Flyball, 7M)
Batting: RHB Jimmy Dawson 0-0: Ball
1-0: Ball
2-0: Foul Ball, location: 2F
2-1: Foul Ball, location: 2F
2-2: Foul Ball, location: 2F
2-2: Foul Ball, location: 2F
2-2: Foul Ball, location: 2F
2-2: Foul Ball, location: 2F
2-2: SINGLE (Line Drive, 89M)
Pitching: RHP José Padilla
Batting: RHB Scott Zijm 0-0: Called Strike
0-1: Swinging Strike
0-2: Strikes out swinging
Top of the 6th over - 0 run(s), 1 hit(s), 0 error(s), 1 left on base; Hammond 5 - Yellowknife 8
BOTTOM OF THE 6TH
Yellowknife Dragonblood batting - Pitching for Hammond Herons : RHP Luis Miguel Martínez
Batting: LHB Carl Duncan 0-0: SOLO HOME RUN (Line Drive, 8LXD) (Inside the Park)
Pitching: RHP Francisco Rosales
Batting: LHB Jorge Garza 0-0: Foul Ball, location: 2F
0-1: Ball
1-1: SINGLE (Line Drive, 4M)
Batting: LHB Ángel Aguilar 0-0: Ball
1-0: Ball
2-0: Ball
3-0: Base on Balls
Jorge Garza to second
Batting: RHB Sancho Balderas 0-0: Called Strike
0-1: Ball
1-1: Fielders Choice at 2nd, 4-6 (Groundball, 4M)
Jorge Garza to third
Batting: LHB Tae-sang Han 0-0: Called Strike
Sancho Balderas is caught stealing 2nd base
0-1: Called Strike
0-2: Foul Ball, location: 2F
0-2: Ball
1-2: Strikes out swinging
Bottom of the 6th over - 1 run(s), 2 hit(s), 0 error(s), 1 left on base; Hammond 5 - Yellowknife 9
TOP OF THE 7TH
Hammond Herons batting - Pitching for Yellowknife Dragonblood : RHP José Padilla
Batting: RHB Miguel Rodríguez 0-0: Foul Ball, location: 2F
0-1: Ball
1-1: Swinging Strike
1-2: Strikes out swinging
Batting: RHB Jorge Reyes 0-0: Fly out, F9 (Flyball, 89S)
Batting: RHB António Guzmán 0-0: Ball
1-0: Ball
2-0: Ball
3-0: Called Strike
3-1: Foul Ball, location: 2F
3-2: Foul Ball, location: 2F
3-2: Strikes out swinging
Top of the 7th over - 0 run(s), 0 hit(s), 0 error(s), 0 left on base; Hammond 5 - Yellowknife 9
BOTTOM OF THE 7TH
Yellowknife Dragonblood batting - Pitching for Hammond Herons : RHP Francisco Rosales
Batting: RHB Curt Johnston 0-0: Called Strike
0-1: Foul Ball, location: 2F
0-2: Fly out, F6 (Line Drive, 6)
Batting: RHB Lloyd Walsh 0-0: Ball
1-0: Ball
2-0: Ball
3-0: Base on Balls
Batting: RHB Javier Chávez 0-0: Ball
1-0: Ball
2-0: Called Strike
2-1: Fielders Choice at 2nd, 3-6 (Groundball, 3)
Batting: LHB Gabriel Córdova 0-0: Called Strike
0-1: Ball
1-1: Foul Ball, location: 2F
1-2: Fly out, F6 (Popup, 6)
Bottom of the 7th over - 0 run(s), 0 hit(s), 0 error(s), 1 left on base; Hammond 5 - Yellowknife 9
TOP OF THE 8TH
Hammond Herons batting - Pitching for Yellowknife Dragonblood : RHP José Padilla
Batting: LHB Joe Cashmore 0-0: Ball
1-0: SOLO HOME RUN (Flyball, 89XD), Distance : 388 ft
Batting: RHB Matt Love 0-0: Called Strike
0-1: Called Strike
0-2: Ball
1-2: Ball
2-2: Strikes out swinging
Batting: RHB Brian Soto 0-0: Called Strike
0-1: Ball
1-1: Ball
2-1: Ball
3-1: Foul Ball, location: 2F
3-2: Strikes out swinging
Batting: LHB Arturo Acevedo 0-0: Ball
1-0: Foul Ball, location: 2F
1-1: Foul Ball, location: 2F
1-2: Ball
2-2: Foul Ball, location: 2F
2-2: Ball
3-2: SINGLE (Line Drive, 34D)
Pitching: RHP Rodger de Meza
Batting: RHB Jimmy Dawson 0-0: Called Strike
0-1: Ball
1-1: Ball
2-1: Ball
3-1: Swinging Strike
3-2: Strikes out swinging
Top of the 8th over - 1 run(s), 2 hit(s), 0 error(s), 1 left on base; Hammond 6 - Yellowknife 9
BOTTOM OF THE 8TH
Yellowknife Dragonblood batting - Pitching for Hammond Herons : RHP Francisco Rosales
Batting: LHB Carl Duncan 0-0: Swinging Strike
0-1: Ball
1-1: Swinging Strike
1-2: Foul Ball, location: 2F
1-2: Foul Ball, location: 2F
1-2: Strikes out swinging
Batting: LHB Jorge Garza 0-0: Called Strike
0-1: Ball
1-1: Ball
2-1: SINGLE (Groundball, 34)
Batting: LHB Ángel Aguilar 0-0: Foul Ball, location: 2F
0-1: Ball
1-1: Foul Ball, location: 2F
1-2: DOUBLE (Flyball, 7LM)
Jorge Garza to third
Batting: RHB Sancho Balderas 0-0: Intentional Walk
Batting: LHB Tae-sang Han 0-0: Foul Ball, location: 2F
0-1: Called Strike
0-2: Fly out, F4 (Line Drive, 4)
Pinch Hitting: RHB Rodriguo Condea 0-0: Called Strike
0-1: Swinging Strike
0-2: Ball
1-2: SINGLE (Line Drive, 6MD)
Jorge Garza scores
Ángel Aguilar to third
Sancho Balderas to second
Runner from 3rd tries for Home, SAFE, no throw or cutoff
Pitching: RHP Cristián Sandoval
Batting: RHB Lloyd Walsh 0-0: Fly out, F8 (Flyball, 8RM)
Bottom of the 8th over - 2 run(s), 3 hit(s), 0 error(s), 2 left on base; Hammond 6 - Yellowknife 11
TOP OF THE 9TH
Hammond Herons batting - Pitching for Yellowknife Dragonblood : RHP Rodger de Meza
Now at 1B: Pedro Rivera
Now at 2B: Jesús Hernández
Batting: RHB Scott Zijm 0-0: Called Strike
0-1: Called Strike
0-2: Foul Ball, location: 2F
0-2: SINGLE (Line Drive, 4MD)
Batting: RHB Miguel Rodríguez 0-0: Ball
1-0: Called Strike
1-1: Foul Ball, location: 2F
1-2: Strikes out swinging
Batting: RHB Jorge Reyes 0-0: Ball
1-0: Called Strike
1-1: Ball
2-1: Ball
3-1: Swinging Strike
3-2: Base on Balls
Scott Zijm to second
Batting: RHB António Guzmán 0-0: Ball
1-0: Ball
2-0: Ball
3-0: Called Strike
3-1: Base on Balls
Scott Zijm to third
Jorge Reyes to second
Pitching: RHP Roy Gartner
Batting: LHB Joe Cashmore 0-0: Foul Ball, location: 2F
0-1: Ball
1-1: Called Strike
1-2: Strikes out swinging
Batting: RHB Matt Love 0-0: Ball
1-0: Foul Ball, location: 2F
1-1: Swinging Strike
1-2: Foul Ball, location: 2F
1-2: Ball
2-2: Ball
3-2: Ground out 6-3 (Groundball, 6)
Top of the 9th over - 0 run(s), 1 hit(s), 0 error(s), 3 left on base; Hammond 6 - Yellowknife 11
This league is powered by Out of the Park Baseball, the baseball management simulation game for PC, Mac and Linux
Friday, January 22nd, 2016 - OOTP Baseball 16.9 Build 39